 Dungeon Crawl Stone Soup version 0.31-a0-851-g7ff8af7976 (webtiles) character file.

Game seed: 15664148035063523729

132 Gladio the Shooter (level 4, -2/23 HPs)
             Began as a Spriggan Hunter on Oct 5, 2023.
             Killed from afar by Natasha (11 damage)
             ... with a puff of flame
             ... on level 4 of the Dungeon.
             The game lasted 00:04:22 (2720 turns).

Gladio the Shooter (Spriggan Hunter)                Turns: 2720, Time: 00:04:23

Health: -2/23      AC:  3    Str:  7    XL:     4   Next: 92%
Magic:  5/5        EV: 19    Int: 10    God:
Gold:   39         SH:  0    Dex: 20    Spells: 3/3 levels left

rFire   . . .        a - +0 shortbow
rCold   . . .        (shield currently unavailable)
rNeg    . . .        c - +0 robe
rPois   .            d - +1 hat
rElec   .            (no cloak)
rCorr   .            (gloves unavailable)
SInv    +            (boots unavailable)
Will    .....        k - amulet of regeneration
Stlth   ++           (no ring)
HPRegen 1.03/turn    (no ring)
MPRegen 0.09/turn

%: no passive effects
@: very quick
A: very small, no large weapons, unfitting armour, see invisible, speed 3
a: no special abilities


You were on level 4 of the Dungeon.
You visited 1 branch of the dungeon, and saw 4 of its levels.

You collected 39 gold pieces.

Inventory:

Hand Weapons
 a - a +0 shortbow (weapon)
 e - a +0 short sword
Armour
 c - a +0 robe (worn)
 d - a +1 hat (worn)
Jewellery
 g - an amulet of magic regeneration
 k - an amulet of regeneration (around neck)
 l - a ring of protection from cold
Scrolls
 b - a scroll of butterflies
 i - a scroll of vulnerability {unknown}
 m - 2 scrolls of identify {unknown}
Potions
 f - 3 potions of curing {unknown}
 h - a potion of degeneration {unknown}
 j - a potion of mutation {unknown}
 n - a potion of haste {unknown}
 o - a potion of might {unknown}


   Skills:
 + Level 2.4 Fighting
 * Level 5.2 Ranged Weapons
 + Level 4.1 Dodging
 - Level 1.9 Stealth


You had 3 spell levels left.
You didn't know any spells.
Your spell library contained the following spells:

 Spells                   Type           Power      Damage    Failure   Level
 Sting                    Tmut/Pois      0%         1d3       36%         1
 Poisonous Vapours        Pois/Air       0%         N/A       50%         2
 Ozocubu's Armour         Ice            0%         N/A       75%         3
 Olgreb's Toxic Radiance  Pois           0%         N/A       98%         4
 Ozocubu's Refrigeration  Ice            0%         4d7       100%        7


Dungeon Overview and Level Annotations

Branches:
Dungeon (4/15)
 Temple: D:4-7

Altars:

Annotations:
D:4 Natasha


Innate Abilities, Weirdness & Mutations

You are very small and have problems with some larger weapons.
You are too small for most types of armour.
You have supernaturally acute eyesight. (SInv)
You cover ground extremely quickly. (Speed+++)


Message History

The gnoll attacks as it pursues you! The gnoll barely misses you.
You shoot an arrow. The arrow hits the gnoll.
You kill the gnoll!
You shoot an arrow. The arrow barely misses the endoplasm.
The arrow hits the gnoll.
The gnoll is moderately wounded.
You shoot an arrow. The arrow hits the endoplasm.
The endoplasm is heavily wounded.
The endoplasm hits you but does no damage.
You shoot an arrow. The arrow hits the endoplasm.
You kill the endoplasm!
The gnoll barely misses you. The gnoll attacks as it pursues you!
The gnoll misses you.
You shoot an arrow. The arrow barely misses the gnoll.
The arrow hits the gnoll.
The gnoll is lightly wounded.
The gnoll hits you but does no damage.
You shoot an arrow. The arrow barely misses the gnoll.
The gnoll hits you with a +0 club. The gnoll closely misses you.
You shoot an arrow. The arrow hits the gnoll.
The gnoll is severely wounded.
The gnoll hits you with a +0 club. The gnoll misses you.
The gnoll completely misses you. The gnoll attacks as it pursues you!
The gnoll closely misses you.
There is a stone staircase leading up here.
You shoot an arrow. The arrow hits the gnoll!
You kill the gnoll!
You shoot an arrow. The arrow barely misses the gnoll.
The gnoll hits you with a +0 club! x2
* * * LOW HITPOINT WARNING * * *
You are too injured to fight recklessly!
Found 12 gold pieces.
Natasha, Servant of Life and Death comes into view.
She is carrying a wand of flame.
Natasha hisses angrily.
Natasha zaps a wand.
The puff of flame hits you.
* * * LOW HITPOINT WARNING * * *
A sleepcap comes into view.
Natasha zaps a wand.
The puff of flame hits you!
You die...
Natasha curls up and begins to purr.

###########
#.........#
#........$#
#.........#
#.........#
#...g.....#
#.f.h.....#
#.........#
..###.@.......#
#..............#
##.##....)...)<#
#.##.##..### #
#....###.# #.
###..# #.# #..
#..# #.# #..
#).###.#.
#..#........


You could see a sleepcap, Natasha and a gnoll.

Vanquished Creatures
  Terence (D:2)
  4 gnolls
  3 adders
  A worm (D:2)
  2 dart slugs
  An orc (D:3)
  3 bats
  5 endoplasms
  A giant cockroach (D:2)
  4 goblins
  A hobgoblin (D:1)
  4 ball pythons
  4 frilled lizards
  4 kobolds
  4 rats
42 creatures vanquished.

Notes
Turn   | Place    | Note
-------+----------+-------------------------------------------
     0 | D:1      | Gladio the Spriggan Hunter began the quest for the Orb.
     0 | D:1      | Reached XP level 1. HP: 10/10 MP: 2/2
   397 | D:1      | Reached XP level 2. HP: 12/15 MP: 3/3
   938 | D:2      | Reached XP level 3. HP: 13/18 MP: 4/4
  1096 | D:2      | Noticed Terence
  1150 | D:2      | Killed Terence
  1620 | D:2      | Reached XP level 4. HP: 23/23 MP: 5/5
  2173 | D:3      | Reached skill level 5 in Ranged Weapons
  2709 | D:4      | Noticed Natasha
  2720 | D:4      | Killed from afar by Natasha

Illustrated notes

Levels and vault maps discovered:
D:1:      dpeg_arrival_stone_temple_mockup, layout_basic
D:2:      layout_loops_cross, kennysheep_small_spiral,
          minmay_misc_feat_four_crosses, uniq_terence
D:3:      layout_loops_corners, chequers_serial_rivers_micro_d
D:4:      layout_rooms, gammafunk_temple_overflow_statue,
          gup_sewer_entry_bubbles, chequers_serial_rivers_marsh, uniq_natasha,
          uniq_blork_the_orc

Skill      XL: |  1  2  3  4 |
---------------+-------------+-----
Dodging        | 3 4 |  4.1
Fighting       | 2 |  2.4
Ranged Weapons | 5 |  5.2
Stealth        | |  1.9

Action                     |  1- 3 |  4- 6 || total
---------------------------+-------+-------++-------
   Fire: Shortbow          |    79 |    57 ||   136
 Armour: Robe              |     9 |    12 ||    21
  Dodge: Dodged            |    13 |    27 ||    40

Table legend: (Time is in decaauts)
 A = Elapsed time spent in this place.
 B = Non-inter-level travel time spent in this place.
 C = Inter-level travel time spent in this place.
 D = Time resting spent in this place.
 E = Time spent auto-exploring this place.
 F = Levels seen in this place.
 G = Mean time per level.
                   A        B        C        D        E       F      G
               +--------+--------+--------+--------+--------+-----+--------+
         Total |   1843 |   1751 |     92 |    200 |   1254 |   4 |  460.8 |
       Dungeon |   1843 |   1751 |     92 |    200 |   1254 |   4 |  460.8 |
               +--------+--------+--------+--------+--------+-----+--------+

Top non-repeatable levels by time:
     D:3: 626 daAuts
     D:2: 625 daAuts
     D:1: 556 daAuts
     D:4: 33 daAuts
